 Dungeon Crawl Stone Soup version 0.29.1-15-g9cfb28693d (webtiles) character file.

Game seed: 11984070888755435762

67 croobank the Sneak (level 4, -7/31 HPs)
             Began as an Octopode Delver on Mar 6, 2023.
             Killed by divine providence
             ... invoked by an orc priest
              (12 damage)
             ... on level 3 of the Dungeon.
             The game lasted 00:01:59 (1060 turns).

croobank the Sneak (Octopode Delver)                Turns: 1060, Time: 00:02:00

Health: -7/31      AC:  1    Str: 11    XL:     4   Next: 18%
Magic:  4/4        EV: 13    Int: 14    God:
Gold:   26         SH:  0    Dex: 13    Spells: 3/3 levels left

rFire   . . .      SeeInvis .   a - +0 hand axe
rCold   . . .      Faith    .   (no shield)
rNeg    . . .      Spirit   .   (helmet restricted)
rPois   .          Reflect  .   (no amulet)
rElec   .          Harm     .   (no ring)
rCorr   .          Rampage  .   (no ring)
Will    .....                   (no ring)
Stlth   ++++......              (no ring)
HPRegen 0.10/turn               (no ring)
MPRegen 0.09/turn               (no ring)
                                (no ring)
                                (no ring)

@: hasted, very quick
A: almost no armour, amphibious, 8 rings, camouflage 1, gelatinous body 1,
(nimble swimmer 1), tentacles
a: no special abilities


You were on level 3 of the Dungeon.
You visited 2 branches of the dungeon, and saw 5 of its levels.

You collected 26 gold pieces.

Inventory:

Hand Weapons
 a - a +0 hand axe (weapon)
Wands
 f - a wand of digging (3)
Scrolls
 b - a scroll of fog
 c - a scroll of magic mapping
 d - a scroll of fear
 g - a scroll of enchant weapon {unknown}
 k - 3 scrolls of poison {unknown}
 m - a scroll of amnesia {unknown}
Potions
 i - 2 potions of invisibility {unknown}
 j - a potion of brilliance {unknown}
 l - a potion of degeneration {unknown}


   Skills:
 + Level 3.5 Fighting
 + Level 2.7 Axes
 + Level 2.7 Dodging
 + Level 7.2 Stealth


You had 3 spell levels left.
You didn't know any spells.
Your spell library was empty.

Dungeon Overview and Level Annotations

Branches:
Dungeon (6/15)             Temple (1/1) D:4

Altars:
Ashenzari
Ru
Sif Muna
Uskayaw
Vehumet
Xom
Yredelemnul
Zin
The Shining One


Innate Abilities, Weirdness & Mutations

You cannot wear most types of armour.
You are amphibious.
You can wear up to eight rings at the same time.
Your skin changes colour to match your surroundings (Stealth+).
Your rubbery body absorbs attacks. (AC +1, EV +1)
((You are camouflaged when in or above water. (Stealth+)))
You have tentacles for arms and can constrict up to eight enemies at once.


Message History

You hit the rat.
You constrict the orc, but do no damage.
The orc hits you with a +0 club. The rat misses you.
You barely miss the orc priest. Your grab misses the orc priest.
You hit the orc but do no damage. You hit the rat.
You kill the rat!
You constrict the orc, but do no damage.
You hit the orc priest but do no damage.
You grab the orc priest.
You squeeze the orc priest, but do no damage.
You hit the orc but do no damage. You constrict the orc.
You constrict the orc priest, but do no damage.
The orc priest barely misses you. The orc misses you.
You hit the orc priest but do no damage.
You hit the orc but do no damage. You hit the orc.
You constrict the orc, but do no damage.
You constrict the orc priest.
The orc priest hits you with a +0 falchion.
The orc hits you with a +0 club. The orc hits you with a +0 flail!
* * * LOW HITPOINT WARNING * * *
You hit the orc priest.
The orc priest is lightly wounded.
You hit the orc.
You kill the orc!
You hit the orc but do no damage.
You constrict the orc, but do no damage.
You constrict the orc priest. The orc priest closely misses you.
The orc closely misses you.
Okay, then.
You completely miss the orc priest.
The orc priest is moderately wounded.
You hit the orc but do no damage. You constrict the orc.
You constrict the orc priest. You hit the orc priest.
The orc priest is severely wounded.
You completely miss the orc. You constrict the orc.
You constrict the orc priest.
The orc priest invokes the aid of Beogh against you.
Beogh smites you!
You die...

###### ...# #####....#
..#+##### #>..+....#
......... #.###....#
....?o... #...#....#
#+#.oo..... #........#
#.#...$....
#÷....)..#######@#........
#..#...........oo)........
##.#...÷..................
#.#.............#........
##.##....#########........
.....####.................
.#.###..###########.......
######.(.# #####..
##..##.### ..


You could see an orc priest and an orc.

Vanquished Creatures
  An iguana (D:4)
  An adder (D:5)
  3 orcs (D:3)
  A hobgoblin (D:4)
  4 jackals (D:4)
  2 kobolds (D:4)
  2 quokkas (D:3)
  2 goblins
  20 rats (D:3)
36 creatures vanquished.

Notes
Turn   | Place    | Note
-------+----------+-------------------------------------------
     0 | D:5      | croobank the Octopode Delver began the quest for the Orb.
     0 | D:5      | Reached XP level 1. HP: 16/16 MP: 1/1
    29 | D:6      | Noticed an orc wizard
   145 | D:5      | Reached XP level 2. HP: 21/21 MP: 2/2
   152 | D:6      | Noticed a black bear
   416 | D:4      | Found a staircase to the Ecumenical Temple.
   427 | D:4      | Reached skill level 7 in Stealth
   427 | D:4      | Reached XP level 3. HP: 13/26 MP: 3/3
   606 | Temple   | Entered the Ecumenical Temple
   776 | D:3      | Reached XP level 4. HP: 13/31 MP: 4/4
  1060 | D:3      | Killed from afar by an orc priest

Illustrated notes

Levels and vault maps discovered:
D:3:      layout_basic, minmay_rat_hole, uniq_crazy_yiuf_cottage
D:4:      kennysheep_big_flooded_room, layout_basic,
          minmay_temple_entry_large_hall
D:5:      layout_basic, mainiacjoe_overflow_24_doors, gammafunk_ghost_icy
D:6:      layout_gridville, nicolae_qazlal_style_of_elements, elyvilon_altar_5
Temple:   hellmonk_temple_beads

Skill      XL: |  1  2 |
---------------+-------+-----
Stealth        | 7 |  7.2
Fighting       | |  3.5
Axes           | |  2.7
Dodging        | |  2.7

Action                   |  1- 3 |  4- 6 || total
-------------------------+-------+-------++-------
Melee: Hand axe          |    41 |    22 ||    63
       Constrict         |    11 |     5 ||    16
       Tentacles         |     5 |     3 ||     8
       Punch             |     1 |       ||     1
  Use: Potion            |       |     2 ||     2
 Stab: Sleeping          |     6 |       ||     6
Armor: Skin              |     5 |       ||     5
Dodge: Dodged            |    31 |    16 ||    47
